 Dungeon Crawl Stone Soup version 0.17-a0-2064-g265a032 (webtiles) character file.

79 Jackolantern the Grave Robber (level 4, 0/31 HPs)
             Began as a Mummy Necromancer on Oct 12, 2015.
             Slain by an orc
             ... wielding a +0 trident
              (7 damage)
             ... on level 3 of the Dungeon.
             The game lasted 00:05:32 (1661 turns).

Jackolantern the Grave Robber (Mummy Necromancer)   Turns: 1661, Time: 00:05:32

Health: 0/31       AC:  3    Str: 11    XL:     4   Next: 17%
Magic:  0/7        EV: 12    Int: 15    God:
Gold:   81         SH:  0    Dex: 12    Spells: 3 memorised, 2 levels left

rFire  x . .     SeeInvis +     g - +0 mace
rCold  + . .     Clarity  .     a - +1 robe
rNeg   + + +     SustAt   .     (no shield)
rPois  ∞         Gourm    .     (no helmet)
rElec  .         Spirit   .     (no cloak)
rCorr  .         Warding  .     (no gloves)
rMut   .         Rnd*Tele +     (no boots)
MR     .....                    (no amulet)
Stlth  ++........               d - ring of see invisible
                                c - ring of teleportation (curse)

@: not resistant to hostile enchantments, unstealthy
A: no food or potions, fire vulnerability, cold resistance 1, negative energy
resistance 3, torment resistance, unbreathing
a: Evoke Teleportation


You were on level 3 of the Dungeon.
You were not hungry.

You visited 1 branch of the dungeon, and saw 3 of its levels.

You collected 81 gold pieces.

Inventory:

Hand Weapons
 g - a +0 mace (weapon)
Armour
 a - a +1 robe (worn)
Jewellery
 c - a cursed ring of teleportation (left hand)
 d - a ring of see invisible (right hand)
Wands
 e - a wand of random effects (26)
Scrolls
 f - a scroll of identify {unknown}
 h - a scroll of random uselessness {unknown}
Books
 b - a book of Necromancy

   Spells                             Type                      Level
   a - Pain                           Necromancy                   1
   b - Animate Skeleton               Necromancy                   1
   c - Vampiric Draining              Necromancy                   3
   d - Regeneration                   Charms/Necromancy            3
   e - Animate Dead                   Necromancy                   4
   f - Control Undead                 Necromancy                   4


   Skills:
 + Level 0.8 Fighting
 + Level 0.1 Maces & Flails
 + Level 1.9 Dodging
 + Level 2.2 Stealth
 + Level 2.1 Spellcasting
 * Level 4.9 Necromancy


You had 2 spell levels left.
You knew the following spells:

 Your Spells              Type           Power        Failure   Level  Hunger
a - Pain                  Necr           ###.         2%          1    N/A
b - Animate Skeleton      Necr           N/A          2%          1    N/A
c - Vampiric Draining     Necr           ###.......   10%         3    N/A

Dungeon Overview and Level Annotations

Branches:
Dungeon (3/15)

Altars:
Elyvilon
Xom


Innate Abilities, Weirdness & Mutations

You do not eat or drink.
Your flesh is vulnerable to fire.
You are immune to poison.
Your flesh is cold resistant.
You are immune to negative energy.
You are immune to unholy pain and torment.
You can survive without breathing.


Message History

There is an open door here.
Your magical contamination has completely faded away.
Items here: ÷÷÷÷ a jackal skeleton x4
Casting: Vampiric Draining
Confirm with . or Enter, or press ? or * to list all spells.
Aiming: Vampiric Draining
Press: ? - help, Shift-Dir - straight line, f/p - orc
Aim: an orc, wielding a hand axe (almost dead)
You kill the orc!
You feel life coursing into your body.
You are suddenly yanked towards a nearby monster!
Your surroundings suddenly seem different.
Found a scroll labeled AKKODGH ONTINO and a fuming white potion.
An adder comes into view.
Unknown command.
An orc comes into view. It is wielding a trident.
The orc shouts!
You hear a shout!
You hear a shout!
You hear a bark!
The orc hits you from afar with a trident!
You die...

...
#....#.####
#..
#..........
#..
#####..####
#.## #### #
##..##
####### #
#....#
#...o.. #.
#....##
##.####
+.###...o.#
###.# #
#....@#
#.#.## #
#.....#
##...!# #
#.....##
#.....# #
#......#
#.....# #
#.S.....#
#...††# #
#..........
####.## #
#...........
#..# #
#....?......
#..#
#...........
####..#


You could see an adder and an orc.

Vanquished Creatures
  4 adders
  A giant gecko (D:2)
  3 orcs (D:3)
  2 ball pythons
  2 giant cockroaches (D:1)
  6 goblins
  4 hobgoblins
  4 jackals (D:3)
  2 kobolds (D:1)
  7 bats
  4 giant newts
  2 rats
41 creatures vanquished.

Notes
Turn   | Place    | Note
--------------------------------------------------------------
     0 | D:1      | Jackolantern the Mummy Necromancer began the quest for the Orb.
     0 | D:1      | Reached XP level 1. HP: 13/13 MP: 3/3
   193 | D:1      | Reached XP level 2. HP: 10/20 MP: 0/5
   573 | D:1      | Learned a level 1 spell: Animate Skeleton
   621 | D:2      | Found a shimmering altar of Xom.
   901 | D:2      | Reached XP level 3. HP: 21/25 MP: 3/6
   906 | D:2      | Learned a level 3 spell: Vampiric Draining
  1413 | D:3      | Found a white marble altar of Elyvilon.
  1512 | D:3      | Reached XP level 4. HP: 23/31 MP: 1/7
  1661 | D:3      | Slain by an orc

Vault maps used:
D:1:      lemuel_arrival_funnel, st_stairs_10
D:2:      old_standard_altar, xom_butterflies, uniq_iyjb
D:3:      lemuel_round_altar, makhleb_blood_cavern_becter

Action                   |  1- 3 |  4- 6 || total
-------------------------+-------+-------++-------
Melee: Unarmed           |    27 |       ||    27
       Whip              |    13 |       ||    13
       Mace              |    64 |     8 ||    72
 Cast: Pain              |    21 |       ||    21
       Animate Skeleton  |     1 |       ||     1
       Vampiric Draining |     6 |     4 ||    10
  Use: Scroll            |     1 |       ||     1
 Stab: Sleeping          |     1 |       ||     1
